Map: Neon Violet Square LE

Players

Scout

  • Race: Zerg Zerg
  • League: Diamond
  • Spawn Location: 5:00

Dessa - Winner!

  • Race: Zerg Zerg
  • League: Diamond
  • Spawn Location: 11:00

VOD

Have the link to the VOD?

Description

Time

  • Played on: Dec. 26, 2017, 4:56 p.m.
  • Length: 20:25
Show
View Real Time Build Order
Export as new Build Order

Scout Zerg 

Build Orders: Hatch First, Lurkers 

Get SALT Encoding   

  12  0:01  Drone  
  13  0:16  Overlord  
  13  0:20  Drone  
  14  0:38  Drone x2  
  14  0:41  Drone  
  17  1:03  Hatchery  
  16  1:10  Spawning Pool  
  15  1:14  Extractor  
  15  1:15  Drone  
  15  1:17  Drone  
  16  1:21  Drone  
  17  1:36  Drone  
  18  1:41  Drone  
  19  1:48  Overlord  
  19  1:59  Queen  
  21  2:03  Zergling x2  
  22  2:10  Zergling x2  
  23  2:20  Queen  
  23  2:21  Metabolic Boost  
  25  2:23  Drone  
  26  2:35  Drone x2  
  28  2:57  Drone x2  
  30  2:59  Drone x3  
  30  3:01  Hatchery  
  32  3:10  Drone  
  32  3:11  Drone x3  
  36  3:25  Overlord  
  35  3:43  Zergling x2  
  35  3:45  Zergling x2  
  37  3:49  Zergling x6  
  37  3:51  Drone x2  
  42  3:58  Overlord x2  
  42  4:10  Extractor  
  42  4:13  Evolution Chamber  
  42  4:14  Drone x3  
  42  4:15  Roach Warren  
  42  4:16  Lair  
  42  4:23  Drone x4  
  46  4:33  Spine Crawler  
  46  4:38  Drone x3, Extractor x2  
  47  4:40  Drone  
  47  4:41  Drone x2  
  47  4:43  Overlord  
  49  4:47  Queen  
  51  4:56  Drone x3  
  54  5:13  Zerg Missile Weapons Level 1  
  54  5:14  Glial Reconstitution  
  54  5:16  Roach x5  
  54  5:17  Roach  
  66  5:47  Drone, Hydralisk Den  
  66  5:48  Drone x8  
  74  5:51  Overlord x3  
  74  6:19  Hydralisk x4, Muscular Augments  
  74  6:20  Lurker Den  
  74  6:24  Extractor x2  
  79  6:29  Hatchery  
  78  6:34  Drone x2  
  78  6:35  Overlord x2  
  80  6:42  Pneumatized Carapace, Hydralisk  
  80  6:43  Hydralisk x2  
  86  6:57  Drone x3  
  86  7:00  Drone x3  
  86  7:01  Drone  
  93  7:02  Roach x2  
  93  7:07  Overseer  
  97  7:11  Zerg Missile Weapons Level 2  
  97  7:24  Queen  
  97  7:26  Drone  
  97  7:27  Drone x7  
  107  7:35  Roach  
  107  7:36  Roach x2  
  113  7:37  Overlord  
  113  7:38  Overlord  
  113  7:49  Overseer  
  113  7:53  Overseer  
  113  7:58  Overseer  
  113  7:59  Overseer x2  
  113  8:00  Overseer  
  113  8:11  Lurker x5  
  113  8:12  Lurker x2  
  120  8:13  Roach  
  120  8:14  Roach x6  
  120  8:15  Roach  
  120  8:19  Overlord x3  
  136  8:20  Extractor  
  135  8:27  Overseer  
  135  8:29  Drone  
  135  8:31  Overlord  
  135  8:32  Overlord  
  136  8:44  Hydralisk x2  
  136  8:45  Hydralisk x3  
  136  8:47  Hydralisk  
  148  8:49  Roach  
  148  8:50  Roach x5  
  160  9:08  Roach  
  160  9:09  Roach x7  
  176  9:13  Overlord x3  
  176  9:26  Overseer  
  152  9:58  Roach x4  
  152  9:59  Roach x9  
  182  10:00  Roach x6  
  190  10:16  Overlord x4  
  190  10:17  Overlord x3  
  187  10:26  Nydus Network  
  186  10:34  Lurker x2  
  186  10:35  Lurker  
  181  11:20  Spire  
  175  11:31  Ravager x4  
  166  11:37  Ravager x6  
  166  11:38  Ravager x3  
  165  11:55  Hydralisk x3  
  165  11:56  Hydralisk x5  
  165  11:57  Hydralisk  
  180  12:04  Nydus Canal  
  141  12:54  Hydralisk x6  
  153  13:17  Hydralisk  
  153  13:18  Hydralisk x15  
  176  13:36  Lurker x6  
  176  13:38  Overlord x2  
  179  13:42  Hatchery  
  178  13:58  Roach  
  178  13:59  Hydralisk x7  
  160  15:36  Infestation Pit  
  160  15:41  Extractor  
  158  15:45  Extractor  
  92  16:24  Lurker  
  92  16:25  Lurker x2  
  95  16:26  Lurker x3  
  95  16:27  Lurker  
  99  16:35  Hive  
  99  16:40  Hydralisk  
  99  16:41  Hydralisk x6  
  99  16:43  Roach x3  
  99  16:44  Roach x6  
  99  16:45  Roach x4  
  99  16:46  Roach x4  
  147  16:53  Hatchery  
  146  17:11  Drone x3  
  146  17:12  Drone x7  
  156  17:36  Queen  
  158  17:56  Overseer x3  
  158  18:00  Viper x2  
  158  18:01  Viper x2  
  158  18:02  Viper x6  
  188  18:13  Evolution Chamber x3  
  188  18:15  Evolution Chamber  
  110  18:49  Hydralisk x7  
  110  18:50  Hydralisk x9  
  122  19:53  Drone  
Show
View Real Time Build Order
Export as new Build Order

Dessa Zerg - Winner!

Build Orders: Pool First, Lurkers 

Get SALT Encoding   

  12  0:01  Drone  
  13  0:11  Drone  
  14  0:18  Overlord  
  14  0:25  Drone, Extractor  
  15  0:37  Drone x2  
  15  0:42  Extractor  
  16  0:46  Drone  
  17  0:52  Spawning Pool  
  17  0:56  Drone  
  17  1:20  Hatchery  
  17  1:22  Drone  
  17  1:26  Drone  
  18  1:34  Overlord  
  18  1:40  Zergling x2  
  19  1:49  Queen  
  21  1:56  Metabolic Boost  
  21  2:03  Zergling x2  
  21  2:05  Drone  
  23  2:10  Drone  
  24  2:21  Drone  
  25  2:27  Queen  
  27  2:39  Baneling Nest  
  27  2:40  Queen  
  27  2:43  Drone  
  28  2:49  Drone  
  29  2:53  Drone x2  
  31  3:00  Drone x2  
  31  3:04  Overlord  
  33  3:11  Zergling x4  
  35  3:13  Drone  
  36  3:39  Drone  
  36  3:40  Drone x4  
  41  3:46  Hatchery  
  40  3:51  Overlord  
  40  4:02  Drone x4  
  43  4:10  Drone, Extractor  
  43  4:11  Drone x3  
  43  4:14  Roach Warren  
  45  4:17  Lair  
  45  4:19  Drone  
  45  4:23  Overlord  
  46  4:38  Overlord  
  46  4:41  Pneumatized Carapace  
  46  4:44  Drone x2, Extractor  
  46  4:45  Drone x2, Extractor  
  47  4:46  Drone  
  47  4:48  Zergling x4  
  51  4:55  Zergling x6  
  54  5:02  Queen  
  54  5:03  Drone x4  
  60  5:09  Baneling x2  
  59  5:21  Glial Reconstitution  
  59  5:22  Roach x5  
  59  5:25  Extractor  
  59  5:26  Drone x2  
  59  5:28  Extractor  
  69  5:41  Drone x3  
  69  5:42  Overlord  
  72  5:49  Drone  
  73  5:50  Evolution Chamber  
  73  5:52  Evolution Chamber  
  71  5:58  Drone  
  71  5:59  Drone  
  71  6:01  Drone x2  
  71  6:02  Overlord  
  75  6:06  Roach x3  
  81  6:14  Hydralisk Den  
  80  6:19  Hatchery  
  80  6:22  Ravager  
  80  6:23  Ravager x3  
  80  6:25  Roach x2  
  87  6:26  Drone x2  
  87  6:27  Overlord  
  87  6:28  Overlord  
  88  6:42  Zerg Ground Armor Level 1, Zerg Missile Weapons Level 1  
  88  6:46  Drone x2, Lurker Den  
  89  6:49  Roach x2, Hydralisk x2  
  97  6:55  Overseer  
  97  7:04  Hydralisk  
  97  7:05  Roach x3  
  105  7:10  Overlord x2  
  105  7:11  Overlord  
  105  7:20  Muscular Augments  
  105  7:39  Queen  
  105  7:41  Drone  
  105  7:42  Drone x3  
  111  7:45  Drone x5  
  111  7:46  Drone x3  
  111  7:47  Drone x4  
  123  7:53  Hydralisk x2  
  123  7:54  Roach x3, Hydralisk  
  135  8:12  Overlord x2  
  135  8:15  Extractor  
  135  8:18  Extractor  
  133  8:21  Lurker x2  
  133  8:23  Overlord x2  
  135  8:30  Lurker  
  135  8:31  Lurker x2  
  138  8:45  Drone  
  138  8:46  Drone x2  
  138  8:48  Drone x3  
  143  8:49  Drone x3  
  147  9:13  Infestation Pit  
  145  9:23  Hatchery  
  144  9:24  Extractor  
  144  9:27  Extractor  
  139  9:51  Hydralisk x5  
  139  9:52  Hydralisk x3  
  153  9:53  Roach x2  
  159  10:01  Zerg Ground Armor Level 2, Zerg Missile Weapons Level 2  
  149  10:33  Hive  
  142  10:52  Lurker x2  
  142  10:53  Lurker x3  
  147  11:01  Hydralisk  
  147  11:02  Roach x2, Hydralisk x3  
  147  11:03  Roach x3  
  165  11:06  Overlord x3  
  165  11:19  Queen  
  137  11:30  Roach x5  
  137  11:31  Roach x8  
  151  11:54  Roach, Hydralisk x3  
  151  11:55  Roach x3  
  165  12:10  Roach x2  
  165  12:11  Roach x9  
  165  12:12  Roach  
  165  12:14  Lurker  
  190  12:16  Overlord x2  
  160  12:55  Overseer  
  160  13:11  Queen x2  
  138  13:40  Drone x5  
  138  13:41  Drone x5  
  146  13:42  Drone x2  
  146  13:43  Drone  
  146  13:46  Queen  
  155  13:59  Hydralisk x6  
  167  14:07  Queen  
  167  14:12  Adaptive Talons  
  167  14:13  Zerg Ground Armor Level 3, Zerg Missile Weapons Level 3  
  167  14:28  Lurker  
  167  14:29  Lurker x5  
  139  14:53  Roach, Hydralisk x6  
  139  14:54  Roach x6  
  129  15:03  Overseer x2  
  129  15:05  Roach x2, Hydralisk  
  129  15:06  Roach  
  127  15:13  Roach x3, Hydralisk x2  
  129  15:36  Hatchery  
  129  15:41  Queen x2  
  125  15:55  Extractor  
  104  16:00  Hydralisk x2  
  104  16:01  Roach x2  
  82  16:13  Roach, Hydralisk x6  
  82  16:14  Roach x5  
  106  16:30  Drone x4  
  110  16:33  Lurker x4  
  114  16:54  Drone x4  
  114  16:55  Drone, Extractor  
  118  17:13  Drone x2  
  118  17:14  Drone x4  
  118  17:15  Hydralisk x3  
  124  17:16  Roach x5, Hydralisk x2  
  124  17:17  Roach x2  
  124  17:21  Extractor, Ultralisk Cavern  
  146  17:22  Hatchery  
  146  17:26  Roach, Hydralisk x3, Extractor  
  152  17:34  Overseer  
  152  17:38  Overseer  
  152  17:45  Lurker x5  
  152  17:47  Roach x4  
  152  17:48  Roach, Overlord x3  
  167  18:21  Roach x2, Hydralisk x3  
  167  18:22  Roach, Overlord  
  179  18:30  Hatchery  
  179  18:32  Extractor  
  177  18:34  Extractor  
  154  18:50  Hydralisk x2  
  154  18:51  Roach x6  
  163  19:08  Ultralisk x6  
Tags
 
Add a new tag
Caveats
  • Supply blocks, unpowered buildings, or Contaminate may cause inaccurate times.
  • Supply counts are checked every 10 seconds.